 Dungeon Crawl Stone Soup version 0.19-a0-147-g6f47703 (webtiles) character file.

3045 Lugonue the Unseen (level 9, 0/39 HPs)
             Began as a Spriggan Enchanter on May 18, 2016.
             Was a Believer of Ashenzari.
             Slain by a killer bee (4 damage)
             ... on level 8 of the Dungeon.
             The game lasted 00:31:04 (6495 turns).

Lugonue the Unseen (Spriggan Enchanter)             Turns: 6495, Time: 00:31:05

Health: 0/39       AC:  4    Str:  4    XL:     9   Next: 56%
Magic:  30/31      EV: 20    Int: 20    God:    Ashenzari [**....]
Gold:   297        SH:  0    Dex: 16    Spells: 4 memorised, 14 levels left

rFire  . . .     SeeInvis +     a - +4 dagger (curse)
rCold  . . .     Gourm    .     b - +2 robe (curse)
rNeg   . . .     Faith    .     (shield restricted)
rPois  .         Spirit   .     (helmet restricted)
rElec  .         Dismiss  .     (no cloak)
rCorr  .         Reflect  .     (gloves unavailable)
SustAt .         Harm     .     (boots unavailable)
MR     +....                    (no amulet)
Stlth  +++++++...               t - +2 ring of evasion
                                r - ring of magical power

@: very quick, somewhat resistant to hostile enchantments, extremely stealthy
A: unfitting armour, see invisible, herbivore 3, speed 3, slow metabolism 2
a: Curse Item, Scrying, Renounce Religion


You were on level 8 of the Dungeon.
You worshipped Ashenzari.
Ashenzari was pleased with you.
You were not hungry.

You visited 1 branch of the dungeon, and saw 9 of its levels.

You collected 379 gold pieces.
You spent 82 gold pieces at shops.

Inventory:

Hand Weapons
 a - a cursed +4 dagger (weapon)
Armour
 b - a cursed +2 robe (worn)
Rods
 o - a +0 rod of ignition (12/12)
   (You found it on level 6 of the Dungeon)
Jewellery
 k - an uncursed ring of sustain attributes
 q - an uncursed ring of positive energy
 r - a ring of magical power (left hand)
 t - a +2 ring of evasion (right hand)
Wands
 p - a wand of flame (31/48)
 z - a wand of acid (7/15)
Scrolls
 g - 4 scrolls of amnesia
 l - a scroll of blinking {unknown}
 n - a scroll of vulnerability
 s - a scroll of magic mapping
 u - a scroll of identify
 y - a scroll of remove curse
Potions
 d - a potion of cure mutation
 i - 3 potions of flight
 j - a potion of lignification
 v - 4 potions of agility
 x - a potion of ambrosia {unknown}
Books
 c - a book of Maledictions

   Spells                             Type                      Level
   a - Corona                         Hexes                        1
   b - Ensorcelled Hibernation        Hexes/Ice                    2
   c - Confuse                        Hexes                        3
   d - Tukima's Dance                 Hexes                        3
   e - Dazzling Spray                 Conjuration/Hexes            3
Comestibles
 f - a slice of pizza
 h - a royal jelly
 m - 2 bread rations
 w - 2 fruits


   Skills:
 - Level 1.1(2.5) Short Blades
 - Level 3.0 Dodging
 + Level 15.3 Stealth
 - Level 8.6 Spellcasting
 * Level 7.5 Hexes


You had 14 spell levels left.
You knew the following spells:

 Your Spells              Type           Power        Failure   Level  Hunger
a - Tukima's Dance        Hex            #####...     1%          3    None
b - Ensorcelled Hibernat  Hex/Ice        ###...       2%          2    None
c - Confuse               Hex            #####...     1%          3    None
d - Dazzling Spray        Conj/Hex       ###...       8%          3    None


Dungeon Overview and Level Annotations

Branches:
Dungeon (9/15)             Temple (0/1) D:7
   Lair: D:8-11         Orc: D:9-12

Altars:
Ashenzari
Gozag
Kikubaaqudgha
Okawaru
Qazlal
Sif Muna
The Shining One

Shops:
D:5 ?

Annotations:
D:3 Jessica


Innate Abilities, Weirdness & Mutations

You are tiny and cannot use many weapons and most armour.
You have supernaturally acute eyesight.
You are a herbivore.
You cover ground extremely quickly.
You need consume almost no food.


Message History

Okay, then.
Evoke which item? (* to show all) (? for menu, Esc to quit)
Okay, then.
Read which item? (? for menu, Esc to quit)
Okay, then.
Drink which item? (? for menu, Esc to quit)
Okay, then.
The killer bee completely misses you. The killer bee closely misses you.
You hear an angry buzzing noise.
The killer bee is no longer blind.
The shadow imp is no longer blind.
The killer bee completely misses you. The killer bee closely misses you.
You hear an angry buzzing noise.
The killer bee stings you.
* * * LOW HITPOINT WARNING * * *
Drink which item? (? for menu, Esc to quit)
Okay, then.
The killer bee stings you.
You die...

#..##.# #y#...#
#.##.#y#.###5.#
#y#.# #%#, #..#
#.†# #.#y# #..#
#.## .# #.##.l#
#..#{ ,#%##...#
#..### #.#..y#
##....####...yy#
#.............@#
#......#####...#
#.###### #..## #
#.# #.# # #.#
#.# ###.#######
#.# ....).....#
#.# ..........#
#.# ###.#####.##
#.#


You could see an iguana, 3 killer bees and a shadow imp.

Vanquished Creatures
  A troll (D:9)
  Grinder (D:5)
  Eustachio (D:5)
  A hungry ghost (D:8)
  3 ice beasts
  A black bear (D:6)
  A sky beast (D:5)
  2 ogres (D:4)
  A necrophage (D:8)
  A wolf (D:8)
  3 centaurs
  Blork the orc (D:5)
  A giant frog (D:8)
  The ghost of Sl000nik the Vexing, an amateur SpEn (D:3)
  A scorpion (D:4)
  A water moccasin skeleton (D:6)
  4 killer bees (D:8)
  2 howler monkeys
  A crimson imp (D:5)
  A giant frog zombie (D:5)
  3 hounds
  2 giant frog skeletons
  An orc priest (D:7)
  2 iguanas
  7 worker ants
  2 gnolls (D:3)
  4 adders
  A shadow imp (D:5)
  3 adder skeletons
  A dart slug (D:2)
  14 orcs
  4 bats
  3 giant cockroaches
  7 goblins
  3 hobgoblins
  7 jackals
  A ball python (D:5)
  A giant gecko zombie (D:6)
  4 giant newts
  7 kobolds
  9 rats
115 creatures vanquished.

Vanquished Creatures (collateral kills)
  An ogre (D:8)
  2 killer bees (D:8)
  2 orcs (D:7)
5 creatures vanquished.

Vanquished Creatures (others)
  A dancing weapon (D:7)
  A killer bee (D:8)
2 creatures vanquished.

Grand Total: 122 creatures vanquished

Notes
Turn   | Place    | Note
--------------------------------------------------------------
     0 | D:1      | Lugonue the Spriggan Enchanter began the quest for the Orb.
     0 | D:1      | Reached XP level 1. HP: 9/9 MP: 5/5
   161 | D:1      | Reached skill level 5 in Stealth
   253 | D:1      | Reached XP level 2. HP: 12/13 MP: 6/6
   288 | D:1      | Learned a level 2 spell: Ensorcelled Hibernation
   551 | D:1      | Reached skill level 6 in Stealth
   829 | D:2      | Reached XP level 3. HP: 16/16 MP: 8/8
  1161 | D:2      | Reached skill level 7 in Stealth
  1203 | D:2      | Found an iron altar of Okawaru.
  1268 | D:3      | Noticed Sl000nik's ghost (amateur SpEn)
  1282 | D:3      | Learned a level 3 spell: Confuse
  1298 | D:3      | Noticed Jessica
  1678 | D:3      | Reached XP level 4. HP: 2/21 MP: 2/9
  2236 | D:3      | Reached skill level 8 in Stealth
  2246 | D:3      | Killed Sl000nik's ghost
  2246 | D:3      | Reached XP level 5. HP: 22/24 MP: 5/11
  2364 | D:3      | Found an opulent altar of Gozag.
  2400 | D:4      | Found a shattered altar of Ashenzari.
  2420 | D:4      | Became a worshipper of Ashenzari the Shackled
  2535 | D:4      | Found a glowing golden altar of the Shining One.
  2535 | D:4      | Found an ancient bone altar of Kikubaaqudgha.
  2563 | D:4      | Reached skill level 9 in Stealth
  2584 | D:4      | Noticed an ogre
  2592 | D:4      | Killed an ogre
  2592 | D:4      | Reached XP level 6. HP: 3/28 MP: 7/13
  2599 | D:4      | Learned a level 3 spell: Tukima's Dance
  3514 | D:4      | Reached skill level 10 in Stealth
  3621 | D:5      | Entered Level 5 of the Dungeon
  3624 | D:5      | Reached skill level 5 in Spellcasting
  3624 | D:5      | Reached XP level 7. HP: 32/32 MP: 15/15
  3626 | D:5      | Reached skill level 11 in Stealth
  3719 | D:5      | Noticed Blork the orc
  3723 | D:5      | Killed Blork the orc
  3729 | D:5      | Noticed Eustachio
  3731 | D:5      | Killed Eustachio
  3734 | D:5      | Reached skill level 12 in Stealth
  3808 | D:5      | Found Gulucuofyu's Magic Scroll Shoppe.
  3815 | D:5      | Bought a scroll of enchant weapon for 82 gold pieces
  3908 | D:5      | Noticed Grinder
  3927 | D:5      | Reached XP level 8. HP: 36/36 MP: 13/18
  3955 | D:5      | Killed Grinder
  3955 | D:5      | Reached skill level 13 in Stealth
  4134 | D:5      | Reached * piety under Ashenzari
  4431 | D:6      | Learned a level 3 spell: Dazzling Spray
  4504 | D:6      | Reached skill level 14 in Stealth
  4834 | D:7      | Found a staircase to the Ecumenical Temple.
  5372 | D:7      | Identified a +0 rod of ignition (12/12) (You found it on level 6 of the Dungeon)
  5503 | D:8      | Reached skill level 5 in Hexes
  5556 | D:8      | Reached XP level 9. HP: 39/39 MP: 22/22
  5879 | D:8      | Found a stormy altar of Qazlal.
  5958 | D:9      | Reached ** piety under Ashenzari
  5961 | D:9      | Noticed a troll
  5976 | D:9      | Killed a troll
  6022 | D:8      | Found a deep blue altar of Sif Muna.
  6342 | D:8      | Reached skill level 15 in Stealth
  6469 | D:8      | Noticed a queen bee
  6495 | D:8      | Slain by a killer bee

Vault maps used:
D:1:      dpeg_arrival_tiny_c, minmay_misc_feat_tiny, minmay_strange_pillars,
          kennysheep_another_room
D:2:      lemuel_zombie_altar_yredelemnul, okawaru_trees_1, eino_tiny_chamber,
          hangedman_decor_slide_cut
D:3:      overflow_temple_1_default, first_bread, uniq_jessica
D:4:      evilmike_ruin_ashenzari, gammafunk_temple_overflow_statue,
          kennysheep_generic_room_11
D:5:      serial_shops, nicolae_shop_crystal, kennysheep_generic_room_16,
          uniq_crazy_yiuf_cottage, uniq_eustachio, uniq_blork_the_orc,
          uniq_grinder
D:7:      minmay_temple_entry_purple_smoke
D:8:      led_sif_pool, nicolae_qazlal_eye_of_the_storm, david_nohive_1
D:9:      erik_lair_island

Skill      XL: |  1  2  3  4  5  6  7  8  9 |
---------------+----------------------------+-----
Stealth        | 5 6 7 8 9 10 12 14 15 | 15.3
Spellcasting   | 3 4 5 6 8 |  8.6
Hexes          | 5 7 |  7.5
Short Blades   | |  1.1
Dodging        | |  3.0

Action                   |  1- 3 |  4- 6 |  7- 9 || total
-------------------------+-------+-------+-------++-------
Melee: Dagger            |   103 |    67 |   111 ||   281
 Cast: Corona            |     5 |       |       ||     5
       Ensorcelled Hiber |    17 |     8 |    16 ||    41
       Confuse           |     1 |    11 |    34 ||    46
       Dazzling Spray    |       |       |    13 ||    13
       Tukima's Dance    |       |       |     4 ||     4
Invok: Curse Item        |       |       |     2 ||     2
  Use: Scroll            |       |    10 |     9 ||    19
       Potion            |       |     6 |     2 ||     8
 Stab: Sleeping          |    25 |    12 |    34 ||    71
       Confused          |     1 |     8 |    17 ||    26
       Invisible         |       |       |     1 ||     1
  Eat: Bread ration      |       |     1 |       ||     1
Armor: Robe              |     6 |     7 |     6 ||    19
Dodge: Dodged            |    69 |    53 |    82 ||   204
